 Dungeon Crawl Stone Soup version 0.31-a0-430-gf8416d752b (webtiles) character file.

Game seed: 1318699454416651360

133 Ethylacetat the Ruffian (level 5, -19/35 HPs)
             Began as an Octopode Shapeshifter on July 31, 2023.
             Killed from afar by Ijyb (21 damage)
             ... with a bolt of dispelling energy
             ... on level 3 of the Dungeon.
             The game lasted 00:02:33 (1679 turns).

Ethylacetat the Ruffian (Octopode Shapeshifter)     Turns: 1679, Time: 00:02:33

Health: -19/35     AC:  1    Str: 15    XL:     5   Next: 16%
Magic:  5/5        EV: 13    Int: 10    God:
Gold:   130        SH:  0    Dex: 14    Spells: 4/4 levels left

rFire   . .          .
                       - Unarmed
rCold   . . .        (no shield)
rNeg    . . .        (helmet currently unavailable)
rPois   .            (no amulet)
rElec   .            c - ring of resist corrosion
rCorr   +            (no ring)
SInv    .            (no ring)
Will    .....        (no ring)
Stlth   ++           (no ring)
HPRegen 0.25/turn    (no ring)
MPRegen 0.09/turn    (no ring)
                     (no ring)

%: no passive effects
@: beast-form
A: beast (slay +2), almost no armour, amphibious, 8 rings, camouflage 1,
gelatinous body 1, (nimble swimmer 1), tentacles
a: Begin Untransformation


You were on level 3 of the Dungeon.
You were a hulking beast.
You visited 1 branch of the dungeon, and saw 3 of its levels.

You collected 130 gold pieces.

Inventory:

Missiles
 i - a throwing net
Jewellery
 c - a ring of resist corrosion (left tentacle)
 f - a ring of ice
Talismans
 b - a beast talisman (active)
Scrolls
 e - a scroll of noise {unknown}
 g - 4 scrolls of identify {unknown}
 h - 2 scrolls of teleportation {unknown}
 m - a scroll of revelation {unknown}
 n - a scroll of poison {unknown}
 o - a scroll of immolation {unknown}
Potions
 a - a potion of lignification
 d - a potion of berserk rage {unknown}
 j - 2 potions of cancellation {unknown}
 k - a potion of degeneration {unknown}
 l - 2 potions of attraction {unknown}
 p - a potion of enlightenment {unknown}


   Skills:
 + Level 2.4 Fighting
 - Level 2.7 Dodging
 + Level 3.8 Unarmed Combat
 * Level 3.7 Shapeshifting


You had 4 spell levels left.
You didn't know any spells.
Your spell library was empty.

Dungeon Overview and Level Annotations

Branches:
Dungeon (3/15)

Altars:
Sif Muna

Annotations:
D:3 Ijyb


Innate Abilities, Weirdness & Mutations

You are a hulking beast.
Your limbs bulge with bestial killing power. (Slay +2)
You cannot wear most types of armour.
You are amphibious.
You can wear up to eight rings at the same time.
Your skin changes colour to match your surroundings (Stealth+).
Your rubbery body absorbs attacks. (AC +1, EV +1)
((You are camouflaged when in or above water. (Stealth+)))
You have tentacles for arms and can constrict up to eight enemies at once.


Message History

The adder is severely wounded.
You constrict the adder.
You kill the adder!
No target in view!
You now have 117 gold pieces (gained 6).
The kobold shouts!
The kobold throws a stone.
The stone misses you.
A kobold is nearby!
A kobold is nearby!
A kobold is nearby!
You tentacle-slap the kobold but do no damage.
Your grab misses the kobold. Your squeeze misses the kobold.
You tentacle-slap the kobold.
You kill the kobold!
Things that are here:
a +0 short sword; 4 stones
p - a fizzy orange potion No target in view!
Found a mace and a ring mail.
g - 4 scrolls labelled AHIMPUUCOMM (gained 1) No target in view!
You now have 130 gold pieces (gained 13).
A giant cockroach comes into view.
Ijyb the Twisted Goblin comes into view.
She is wielding a +0 club and carrying a wand of quicksilver.
Ijyb shouts!
The giant cockroach bites you.
Ijyb zaps a wand.
The bolt of dispelling energy hits the giant cockroach!
The giant cockroach dies!
The bolt of dispelling energy hits you!!
Ouch! That really hurt!
Press: ? - help, . - travel You can't see that place.
You see here a giant cockroach corpse.
Ijyb zaps a wand.
The bolt of dispelling energy hits you!
* * * LOW HITPOINT WARNING * * *
You see here a giant cockroach corpse.
Ijyb zaps a wand.
The bolt of dispelling energy hits you!!
Ouch! That really hurt!
You die...

... #....# ... #....#
.. ####....# #.
........# #.## #.....#
#.g# #..... #.# #.....
#######†###### #.....
#.....h......#####..#..
###.................#..
######.######........
#.# ##...###.. #.#
##......... #..
#...###....
##.###.#.####...
#.....#.##.....
####..#.##.....


You could see Ijyb.

Vanquished Creatures
  An orc priest (D:3)
  3 adders
  A worm (D:2)
  6 dart slugs
  3 orcs (D:3)
  A ball python (D:2)
  8 endoplasms
  4 giant cockroaches
  3 goblins
  6 hobgoblins
  2 jackals (D:2)
  2 quokkas (D:2)
  3 bats
  5 frilled lizards
  4 kobolds (D:3)
  5 rats
57 creatures vanquished.

Vanquished Creatures (others)
  A giant cockroach (D:3)
1 creature vanquished.

Grand Total: 58 creatures vanquished

Notes
Turn   | Place    | Note
-------+----------+-------------------------------------------
     0 | D:1      | Ethylacetat the Octopode Shapeshifter began the quest for
                  | the Orb.
     0 | D:1      | Reached XP level 1. HP: 13/13 MP: 1/1
    84 | D:1      | Reached XP level 2. HP: 18/18 MP: 2/2
   472 | D:1      | Reached XP level 3. HP: 18/23 MP: 3/3
   826 | D:2      | Identified the +0 chain mail of Dogmatism {Contam rC+
                  | Will+}
  1198 | D:2      | Reached XP level 4. HP: 29/29 MP: 4/4
  1338 | D:2      | Found a shimmering blue altar of Sif Muna.
  1519 | D:3      | Reached XP level 5. HP: 35/35 MP: 5/5
  1674 | D:3      | Noticed Ijyb
  1679 | D:3      | Killed from afar by Ijyb

Illustrated notes

Levels and vault maps discovered:
D:1:      ncdulo_lavacross, layout_rooms, serial_bayou, serial_bayou_crossing,
          serial_bayou_pond_c, serial_bayou_shore_b, serial_bayou_lake_a,
          serial_bayou_shore_b
D:2:      layout_loops_ring, basic_altar
D:3:      layout_rooms, uniq_ijyb

Skill      XL: |  1  2  3 |
---------------+----------+-----
Fighting       | 2 |  2.4
Dodging        | |  2.7
Unarmed Combat | |  3.8
Shapeshifting  | |  3.7

Action                     |  1- 3 |  4- 6 || total
---------------------------+-------+-------++-------
  Melee: Unarmed           |    61 |    42 ||   103
         Constrict         |    20 |     8 ||    28
         Tentacles         |    15 |     7 ||    22
         Punch             |     3 |     2 ||     5
   Stab: Distracted        |     1 |       ||     1
         Sleeping          |    13 |     3 ||    16
 Armour: Skin              |     1 |     3 ||     4
  Dodge: Dodged            |    18 |    30 ||    48

Table legend: (Time is in decaauts)
 A = Elapsed time spent in this place.
 B = Non-inter-level travel time spent in this place.
 C = Inter-level travel time spent in this place.
 D = Time resting spent in this place.
 E = Time spent auto-exploring this place.
 F = Levels seen in this place.
 G = Mean time per level.
                   A        B        C        D        E       F      G
               +--------+--------+--------+--------+--------+-----+--------+
         Total |   1671 |   1610 |     61 |      0 |   1279 |   3 |  557.0 |
       Dungeon |   1671 |   1610 |     61 |      0 |   1279 |   3 |  557.0 |
               +--------+--------+--------+--------+--------+-----+--------+

Top non-repeatable levels by time:
     D:1: 702 daAuts
     D:2: 667 daAuts
     D:3: 301 daAuts
